 Dungeon Crawl Stone Soup version 0.30.1-4-g462c640d31 (webtiles) character file.

Game seed: 14766641702322759344

378 Babbit the Chopper (level 6, -2/53 HPs)
             Began as a Minotaur Fighter on Aug 23, 2023.
             Slain by a gnoll
             ... wielding a +0 club
              (9 damage)
             ... on level 4 of the Dungeon.
             The game lasted 00:11:52 (2793 turns).

Babbit the Chopper (Minotaur Fighter)               Turns: 2793, Time: 00:11:53

Health: -2/53      AC: 12    Str: 29    XL:     6   Next: 45%
Magic:  5/5        EV:  7    Int:  5    God:
Gold:   140        SH:  4    Dex:  9    Spells: 5/5 levels left

rFire   . . .        a - +1 war axe
rCold   . . .        c - +0 buckler
rNeg    . . .        l - +0 plate armour
rPois   .            (helmet restricted)
rElec   .            (no cloak)
rCorr   .            (no gloves)
SInv    +            (no boots)
Will    .....        (no amulet) Stlth
                     o - ring of see invisible
HPRegen 0.28/turn    p - +6 ring of strength
MPRegen 0.09/turn

%: no passive effects
@: about to teleport
A: horns 2, retaliatory headbutt
a: no special abilities


You were on level 4 of the Dungeon.
You visited 1 branch of the dungeon, and saw 4 of its levels.

You collected 140 gold pieces.

Inventory:

Hand Weapons
 a - a +1 war axe (weapon)
Missiles
 n - 2 boomerangs (quivered)
Armour
 c - a +0 buckler (worn)
 l - a +0 plate armour (worn)
Jewellery
 o - a ring of see invisible (left hand)
 p - a +6 ring of strength (right hand)
Scrolls
 f - a scroll of identify
 h - a scroll of enchant weapon
 i - a scroll of poison {unknown}
 j - a scroll of torment {unknown}
 k - a scroll of vulnerability {unknown}
 q - a scroll of silence {unknown}
 t - a scroll of fear {unknown}
Potions
 d - a potion of might
 e - 4 potions of haste
 g - 3 potions of curing
 m - a potion of brilliance
 r - a potion of magic {unknown}
 s - a potion of invisibility {unknown}


   Skills:
 + Level 4.7 Fighting
 + Level 6.2 Axes
 + Level 4.9 Armour
 + Level 0.8 Dodging
 + Level 0.5 Stealth
 + Level 4.4 Shields


You had 5 spell levels left.
You didn't know any spells.
Your spell library contained the following spells:

 Spells                   Type           Power      Damage    Failure   Level
 Call Canine Familiar     Summ           0%         N/A       100%        3
 Portal Projectile        Hex/Tloc       0%         N/A       100%        3
 Tukima's Dance           Hex            0%         N/A       100%        3
 Leda's Liquefaction      Hex/Erth       0%         N/A       100%        4
 Passage of Golubria      Tloc           0%         N/A       100%        4
 Yara's Violent Unravell  Hex/Tmut       0%         3d3       100%        5


Dungeon Overview and Level Annotations

Branches:
Dungeon (4/15)
 Temple: D:4-7

Altars:
Dithmenos
Elyvilon


Innate Abilities, Weirdness & Mutations

You have a pair of horns on your head.
You reflexively headbutt those who attack you in melee.


Message History

The gnoll hits you but does no damage. x2
Your Axes skill increases to level 6!
You hit the gnoll.
The gnoll is heavily wounded.
You slash the gnoll!
The gnoll hits you from afar with a +0 spear.
You block the gnoll's attack. The gnoll hits you but does no damage.
The gnoll drinks a potion.
The gnoll goes berserk!
The gnoll hits you but does no damage. x2
You hit the gnoll. Your headbutt misses the gnoll.
The gnoll is severely wounded.
You closely miss the gnoll.
The gnoll hits you but does no damage. x2
The gnoll barely misses you. The gnoll hits you but does no damage.
You slash the gnoll!
You kill the gnoll!
You closely miss the gnoll. The gnoll barely misses you.
The gnoll closely misses you. The gnoll hits you with a +0 club.
You slash the gnoll!
The gnoll is severely wounded.
You hit the gnoll.
You kill the gnoll!
The gnoll hits you from afar with a +0 halberd.
* * * LOW HITPOINT WARNING * * *
The gnoll hits you but does no damage.
The gnoll hits you from afar with a +0 spear.
* * * LOW HITPOINT WARNING * * *
You block the gnoll's attack. The gnoll hits you but does no damage.
You barely miss the gnoll. Your headbutt misses the gnoll.
The gnoll is severely wounded.
You block the gnoll's attack. The gnoll hits you with a +0 club.
* * * LOW HITPOINT WARNING * * *
The gnoll closely misses you. You block the gnoll's attack.
The gnoll hits you with a +0 club.
* * * LOW HITPOINT WARNING * * *
Okay, then.
Okay, then.
As you read the scroll labelled LOIPTEMERCH, it crumbles to dust.
You feel strangely unstable.
It was a scroll of teleportation.
The gnoll hits you with a +0 club!
You die...

### ..###########
..#...<.....#
............#
..#......>..####
................
###..).........#### .
#.........#...))## ...
#........###..@gg###....
#....##..###(.##gg......
#....###..#..###........
#..#..##(....##....###.#
##...............g.#
####..##.........##..g)
.....####..._)..## #....
#.....##.........#
.)....
####...............
......


You could see 4 gnolls.

Vanquished Creatures
  Sigmund (D:3)
  A scorpion (D:4)
  A gnoll bouda (D:4)
  4 gnolls (D:4)
  An adder (D:2)
  An ufetubus (D:4)
  2 dart slugs
  5 endoplasms
  2 giant cockroaches (D:2)
  4 goblins
  7 hobgoblins
  6 jackals
  3 quokkas
  8 ball pythons
  6 bats
  2 frilled lizards
  7 kobolds
  29 rats
90 creatures vanquished.

Notes
Turn   | Place    | Note
-------+----------+-------------------------------------------
     0 | D:1      | Babbit the Minotaur Fighter began the quest for the Orb.
     0 | D:1      | Reached XP level 1. HP: 19/19 MP: 0/0
   134 | D:1      | Reached XP level 2. HP: 25/27 MP: 1/1
   412 | D:1      | Reached skill level 3 in Axes
   551 | D:1      | Reached XP level 3. HP: 33/33 MP: 2/2
  1397 | D:2      | You fall into a shaft and drop 2 floors!
  1619 | D:3      | Reached XP level 4. HP: 40/40 MP: 3/3
  2019 | D:3      | Noticed Sigmund
  2030 | D:3      | Killed Sigmund
  2031 | D:3      | Reached skill level 5 in Axes
  2031 | D:3      | Reached XP level 5. HP: 47/47 MP: 4/4
  2480 | D:3      | Found a white marble altar of Elyvilon.
  2629 | D:4      | Reached XP level 6. HP: 53/53 MP: 5/5
  2761 | D:4      | Found a shadowy altar of Dithmenos.
  2788 | D:4      | Reached skill level 6 in Axes
  2793 | D:4      | Slain by a gnoll

Illustrated notes

Levels and vault maps discovered:
D:1:      nicolae_arrival_memento_mori, layout_loops_corners
D:2:      layout_basic, serial_aquarium, aquarium_bridge_long_joined
          [aquarium_subvault_bridge, aquarium_subvault_balcony,
          aquarium_subvault_wall, aquarium_subvault_bridge,
          aquarium_subvault_bridge, aquarium_subvault_bridge],
          aquarium_bridge_square [aquarium_subvault_bridge,
          aquarium_subvault_bridge, aquarium_subvault_wall,
          aquarium_subvault_balcony], aquarium_window_fake,
          aquarium_window_corridor_3, aquarium_window_fake, aquarium_view_2e,
          aquarium_view_2a, hex_medium, grunt_ministairs_10
D:3:      layout_loops_ring, nicolae_elyvilon_temple_path, minmay_rat_hole,
          uniq_sigmund
D:4:      layout_rooms, nicolae_dithmenos_shadow_blocks,
          nicolae_underground_beach, uniq_menkaure, uniq_blork_the_orc,
          uniq_pikel

Skill      XL: |  1  2  3  4  5  6 |
---------------+-------------------+-----
Armour         | 4 |  4.9
Fighting       | 4 |  4.7
Axes           | 3 5 6 |  6.2
Shields        | 4 |  4.4
Dodging        | |  0.8
Stealth        | |  0.5

Action                     |  1- 3 |  4- 6 || total
---------------------------+-------+-------++-------
  Melee: War axe           |   105 |    63 ||   168
         Headbutt          |     7 |     6 ||    13
    Use: Scroll            |     3 |     3 ||     6
 Armour: Scale mail        |    45 |       ||    45
         Plate armour      |    16 |    50 ||    66
  Dodge: Dodged            |    62 |    22 ||    84
  Block: Buckler           |    28 |    20 ||    48
